 Dungeon Crawl Stone Soup version 0.21-a0-632-g1e37ce5 (console) character file.

72 removed the Twirler (level 4, 0/33 HPs)
             Began as a Mummy Wanderer on Dec 27, 2017.
             Was an Initiate of Gozag.
             Killed from afar by Natasha (3 damage)
             ... with a magic dart
             ... on level 2 of the Dungeon.
             The game lasted 00:03:09 (1749 turns).

removed the Twirler (Mummy Wanderer)                Turns: 1749, Time: 00:03:10

Health: 0/33       AC:  3    Str: 16    XL:     4   Next: 7%
Magic:  4/4        EV: 11    Int: 12    God:    Gozag
Gold:   67         SH:  0    Dex: 10    Spells: 3/3 levels left

rFire    . . .     SeeInvis .   a - +2 quarterstaff
rCold    + . .     Gourm    .   (shield currently unavailable)
rNeg     + + +     Faith    .   f - +0 leather armour
rPois    ∞         Spirit   .   (no helmet)
rElec    .         Reflect  .   (no cloak)
rCorr    .         Harm     .   (no gloves)
MR       .....                  (no boots)
Stlth    +.........             (no amulet)
HPRegen  0.11/turn              o - ring of protection from fire
MPRegen  0.09/turn              (no ring)

@: slowed, very slow
A: no food or potions, fire vulnerability, cold resistance 1, negative energy
resistance 3, torment resistance, unbreathing
a: Potion Petition, Call Merchant, Bribe Branch, Renounce Religion


You were on level 2 of the Dungeon.
You worshipped Gozag.
Gozag was noncommittal.
You were not hungry.

You visited 1 branch of the dungeon, and saw 2 of its levels.

You collected 78 gold pieces.
You paid 11 gold pieces to Gozag.

Inventory:

Hand Weapons
 a - a +2 quarterstaff (weapon)
 e - a +1 dagger of holy wrath
 m - a +1 dagger of pain
Armour
 c - a +0 shield
 d - a +0 robe
 f - a +0 leather armour (worn)
Jewellery
 o - a ring of protection from fire (left hand)
Scrolls
 b - 2 scrolls of teleportation
 g - a scroll of identify {unknown}
 h - 2 scrolls of remove curse {unknown}
 i - a scroll of blinking {unknown}
 j - a scroll of magic mapping {unknown}
 k - a scroll of amnesia {unknown}
 l - a scroll of immolation {unknown}
 n - a scroll of enchant armour {unknown}


   Skills:
 - Level 2.0 Fighting
 + Level 3.6 Staves
   Level 1.5 Bows
 - Level 1.0 Armour
 - Level 1.0 Dodging
 - Level 1.5 Shields


You had 3 spell levels left.
You didn't know any spells.

Dungeon Overview and Level Annotations

Branches:
Dungeon (2/15)

Altars:
Fedhas
Gozag

Annotations:
D:2 Natasha


Innate Abilities, Weirdness & Mutations

You do not eat or drink.
Your flesh is vulnerable to fire.
You are immune to poison.
Your flesh is cold resistant. (rC+)
You are immune to negative energy. (rN+++)
You are immune to unholy pain and torment.
You can survive without breathing.


Message History

Natasha casts a spell at you.
You feel as though you will be slow longer.
You barely miss Natasha.
Natasha is almost dead.
Natasha casts a spell.
You hit Natasha but do no damage.
Natasha is almost dead.
Natasha claws you! The shadow imp hits you.
* * * LOW HITPOINT WARNING * * *
Natasha barely misses you.
You closely miss Natasha.
Natasha is almost dead.
The shadow imp closely misses you. Natasha claws you.
* * * LOW HITPOINT WARNING * * *
The shadow imp hits you.
* * * LOW HITPOINT WARNING * * *
Natasha casts a spell at you. The magic dart hits you!
You die...
Your body crumbles into a pile of gold.

... #.# ##. ...
#.# ##.. #.# #.#
#######... #.#
#.# #.........
#.# #.#
#.###.#... #.#
#.# #.# #.##..
#5#
#.####.###.###.
#h###..........#
##
#5@........#####
############


You could see Natasha and 2 shadow imps.

Vanquished Creatures
  3 adders
  An ooze (D:1)
  3 leopard geckos (D:2)
  3 giant cockroaches
  3 hobgoblins (D:1)
  4 jackals
  4 bats
  5 frilled lizards (D:1)
  6 goblins
  4 kobolds
  3 rats
39 creatures vanquished.

Notes
Turn   | Place    | Note
-------+----------+-------------------------------------------
     0 | D:1      | removed the Mummy Wanderer began the quest for the Orb.
     0 | D:1      | removed set off with: a +2 quarterstaff, a scroll of teleportation, a +0 shield, a +0 robe
     0 | D:1      | Reached XP level 1. HP: 16/16 MP: 1/1
   284 | D:1      | Reached skill level 2 in Staves
   355 | D:1      | Reached XP level 2. HP: 17/22 MP: 2/2
  1023 | D:1      | Reached skill level 3 in Staves
  1023 | D:1      | Reached XP level 3. HP: 7/27 MP: 3/3
  1290 | D:2      | Found a blossoming altar of Fedhas.
  1392 | D:2      | Found an opulent altar of Gozag.
  1496 | D:2      | Became a worshipper of Gozag Ym Sagoz the Greedy
  1615 | D:2      | Reached XP level 4. HP: 28/33 MP: 4/4
  1734 | D:2      | Noticed Natasha
  1749 | D:2      | Killed from afar by Natasha

Vault maps used:
D:1:      dpeg_arrival_refuge, serial_forest, infiniplex_forest_lined_1,
          infiniplex_forest_end_1, infiniplex_forest_end_2,
          infiniplex_forest_straight_4, infiniplex_forest_diagonal,
          infiniplex_forest_lined_room_2, infiniplex_forest_clump_small,
          infiniplex_forest_lined_3, infiniplex_forest_fountain,
          infiniplex_forest_3_way
D:2:      lemuel_crystal_altar, lemuel_doored_altar,
          chequers_ecumenical_altar_simple, nemelex_lonely_heart_becter,
          uniq_natasha

Skill      XL: |  1  2 |
---------------+-------+-----
Staves         | 2 3 |  3.6
Fighting       | |  2.0
Bows           | |  1.5
Armour         | |  1.0
Dodging        | |  1.0
Shields        | |  1.5

Action                   |  1- 3 |  4- 6 || total
-------------------------+-------+-------++-------
Melee: Quarterstaff      |    91 |    10 ||   101
Armor: Leather armour    |    15 |     1 ||    16
Dodge: Dodged            |    52 |     6 ||    58

Table legend:
 A = Spawn XP
 B = Non-spawn XP
 C = Spawn XP percentage of total XP
 D = Spawn monster count
 E = Non-spawn monster count
 F = Spawn count percentage of total count
 G = Total turns spent on level
                    A         B        C        D         E        F      G
               +---------+---------+-------+---------+---------+-------+---------
         Total |       0 |     104 |   0.0 |       0 |      39 |   0.0 |  1749
               +---------+---------+-------+---------+---------+-------+---------
           D:1 |       0 |      47 |   0.0 |       0 |      21 |   0.0 |  1219
           D:2 |       0 |      57 |   0.0 |       0 |      18 |   0.0 |   530
               +---------+---------+-------+---------+---------+-------+---------
